 Dungeon Crawl Stone Soup version 0.18-a0-1-gfac8111 (webtiles) character file.

46 fredomojojo the Shooter (level 3, 31/32 HPs)
             Began as a Naga Hunter on Oct 30, 2015.
             Got out of the dungeon alive.
             The game lasted 00:16:40 (816 turns).

fredomojojo the Shooter (Naga Hunter)                Turns: 816, Time: 00:16:40

Health: 31/32      AC:  2    Str: 14    XL:     3   Next: 68%
Magic:  3/3        EV:  9    Int: 15    God:
Gold:   54         SH:  0    Dex: 11    Spells: 0 memorised, 2 levels left

rFire  . . .     SeeInvis +     a - +1 shortbow
rCold  . . .     Clarity  .     d - +0 leather armour
rNeg   . . .     SustAt   .     (no shield)
rPois  +         Gourm    .     (no helmet)
rElec  .         Spirit   .     (no cloak)
rCorr  .         Warding  .     (no gloves)
rMut   .         Stasis   .     (no barding)
MR     .....                    h - amulet of regeneration
Stlth  ++........               (no ring)
                                r - +3 ring of intelligence

@: very slow, not resistant to hostile enchantments, unstealthy
A: see invisible, deformed body, poison resistance, slowness 2, slow metabolism
1, spit poison 2, AC +1
a: Spit Poison


You escaped.
You were not hungry.

You visited 1 branch of the dungeon, and saw 2 of its levels.

You collected 54 gold pieces.

Inventory:

Hand Weapons
 a - a +1 shortbow (weapon)
 c - a +0 short sword
 m - a +0 short sword
Missiles
 b - 17 arrows (quivered)
 f - 31 stones
 s - 2 throwing nets
Armour
 d - a +0 leather armour (worn)
Jewellery
 h - an amulet of regeneration (around neck)
 r - a +3 ring of intelligence (left hand)
Scrolls
 i - a scroll of fear {unknown}
 k - a scroll of noise {unknown}
 o - 2 scrolls of identify {unknown}
 t - a scroll of amnesia {unknown}
 v - a scroll of blinking {unknown}
Potions
 g - 3 potions of curing {unknown}
 l - 2 potions of ambrosia {unknown}
 n - a potion of mutation {unknown}
 p - a potion of brilliance {unknown}
 q - a potion of agility {unknown}
 u - a potion of invisibility {unknown}
Comestibles
 e - 2 bread rations
 j - a meat ration


   Skills:
 * Level 2.2 Fighting
 * Level 1.1 Short Blades
 + Level 3.9 Bows
 + Level 0.4 Armour
 * Level 1.9 Dodging
 * Level 2.6 Stealth
 * Level 0.3 Spellcasting


You had 2 spell levels left.
You didn't know any spells.

Dungeon Overview and Level Annotations

Branches:
Dungeon (2/15)

Altars:
Ashenzari


Innate Abilities, Weirdness & Mutations

You cannot wear boots.
Your serpentine skin is tough (AC +1).
You have supernaturally acute eyesight.
Armour fits poorly on your strangely shaped body.
Your system is resistant to poisons.
You cover ground very slowly.
You have a slow metabolism.
You can spit poison.


Message History

Press ? for a list of commands and other information.
Found a glowing dagger.
Found a mace.
You see here a mace.
Found a stone staircase leading up.
There is a stone staircase leading up here.
You can't go down here!
You climb upwards.
There is a stone staircase leading down here.
Things that are here:
a short sword; a club; a kobold skeleton You see here a whip.
A rat comes into view.
The rat moves out of view.
The rat barely misses you. The rat barely misses you.
There is a staircase leading out of the dungeon here.
Are you sure you want to leave the Dungeon?
This will make you lose the game! The rat bites you.
You have escaped!

######## #...# #..........
...†...#######...# #..........
######.....))....## #..........
######............#### ..........
....##.#####.........###........#
.....#.##....≈≈≈≈≈≈≈............#
.......#....≈≈...♣.≈≈............
.......#...≈≈..♣....≈≈...........
.......#..≈≈..8.@..♣.≈≈..........
..........≈..♣..r..8..≈..........
......##..≈...........≈..........
..........≈≈.♣.......≈≈.........#
......##...≈≈..8....≈≈..#......##
......##....≈≈.....≈≈...##.####..
......# ##...≈≈≈.≈≈≈...# #.# #...
......# #............## #.# #...
.....## #.(.........## ##.###...


You could see a rat.

Vanquished Creatures
  A gnoll (D:1)
  A worm (D:2)
  A giant cockroach (D:1)
  4 goblins
  6 hobgoblins (D:1)
  6 bats (D:1)
  A giant newt (D:2)
  4 jackals (D:1)
  5 kobolds (D:1)
  4 rats
33 creatures vanquished.

Notes
Turn   | Place    | Note
--------------------------------------------------------------
     0 | D:1      | fredomojojo the Naga Hunter began the quest for the Orb.
     0 | D:1      | Reached XP level 1. HP: 19/19 MP: 1/1
    38 | D:1      | Reached XP level 2. HP: 15/26 MP: 2/2
   231 | D:1      | Reached XP level 3. HP: 27/32 MP: 3/3
   405 | D:1      | Reached skill level 1 in Short Blades
   731 | D:2      | Found a shattered altar of Ashenzari.
   816 | D:$      | Got out of the dungeon alive.

Vault maps used:
D:1:      moated_graveyard_arrival, corner_web_ring
D:2:      ashenzari_altar_1, minmay_misc_feat_four_crosses, st_stairs_9,
          minmay_surrounded, uniq_jessica

Action                   || total
-------------------------++-------
Melee: Short sword       ||    15
 Fire: Shortbow          ||    93
